 Dungeon Crawl Stone Soup version 0.17.1-1-g73c8601 (webtiles) character file.

157 Nakatomy the Grave Robber (level 5, -3/28 HPs)
             Began as a Deep Elf Necromancer on Dec 27, 2015.
             Slain by a centaur skeleton (6 damage)
             ... on level 4 of the Dungeon.
             The game lasted 00:17:36 (3586 turns).

Nakatomy the Grave Robber (Deep Elf Necromancer)    Turns: 3586, Time: 00:17:36

Health: -3/28      AC:  4    Str:  5    XL:     5   Next: 15%
Magic:  4/14       EV: 13    Int: 21    God:
Gold:   240        SH:  0    Dex: 15    Spells: 4 memorised, 4 levels left

rFire  . . .     SeeInvis .     m - +1 dagger (drain)
rCold  . . .     Clarity  .     a - +0 robe
rNeg   . . .     SustAt   .     (no shield)
rPois  .         Gourm    .     (no helmet)
rElec  .         Spirit   .     s - +0 cloak
rCorr  .         Warding  .     f - +0 pair of gloves (curse)
rMut   .         Stasis   .     (no boots)
MR     .....                    (no amulet)
Stlth  ++........               (no ring)
                                (no ring)

@: not resistant to hostile enchantments, unstealthy
A: no striking features
a: no special abilities


You were on level 4 of the Dungeon.
You were hungry.

You visited 1 branch of the dungeon, and saw 4 of its levels.

You collected 240 gold pieces.

Inventory:

Hand Weapons
 m - a +1 dagger of draining (weapon)
Armour
 a - a +0 robe (worn)
 f - a cursed +0 pair of gloves (worn)
 s - a +0 cloak (worn)
Jewellery
 q - an uncursed ring of ice
Scrolls
 d - a scroll of magic mapping {unknown}
 g - 3 scrolls of teleportation {unknown}
 i - 4 scrolls of identify {unknown}
 k - 2 scrolls of noise {unknown}
 l - 2 scrolls of immolation {unknown}
 r - a scroll of recharging {unknown}
Potions
 e - a potion of invisibility {unknown}
 j - 4 potions of ambrosia {unknown}
 o - a potion of brilliance {unknown}
 p - a potion of poison {unknown}
 u - a potion of heal wounds {unknown}
Books
 b - a book of Necromancy

   Spells                             Type                      Level
   a - Pain                           Necromancy                   1
   b - Animate Skeleton               Necromancy                   1
   c - Vampiric Draining              Necromancy                   3
   d - Regeneration                   Charms/Necromancy            3
   e - Animate Dead                   Necromancy                   4
   f - Control Undead                 Necromancy                   4
Comestibles
 c - a bread ration
 h - a chunk of flesh
 n - a meat ration
 t - a slice of pizza


   Skills:
 + Level 0.4 Fighting
 * Level 2.0 Short Blades
 - Level 2.4 Dodging
 - Level 2.4 Stealth
 * Level 4.9 Spellcasting
 * Level 6.1 Necromancy


You had 4 spell levels left.
You knew the following spells:

 Your Spells              Type           Power        Failure   Level  Hunger
a - Pain                  Necr           ####         1%          1    None
b - Animate Skeleton      Necr           N/A          1%          1    None
c - Regeneration          Chrm/Necr      ###.......   12%         3    ##.....
d - Animate Dead          Necr           N/A          12%         4    ####...


Dungeon Overview and Level Annotations

Branches:
Dungeon (4/15)
 Temple: D:4-7

Altars:


Message History

You kill the orc!
The centaur skeleton hits you.
* * * LOW HITPOINT WARNING * * *
Casting: Pain
Confirm with . or Enter, or press ? or * to list all spells.
Aiming: Pain
Press: ? - help, Shift-Dir - straight line, f - orc
Aim: an orc, wielding a flail and wearing a scale mail (chance to defeat MR: 96%)
The orc convulses in agony!
The centaur skeleton barely misses you. The orc misses you.
The centaur skeleton hits you.
* * * LOW HITPOINT WARNING * * *
Casting: Pain
Confirm with . or Enter, or press ? or * to list all spells.
Aiming: Pain
Press: ? - help, Shift-Dir - straight line, f/p - orc
Aim: an orc, wielding a flail and wearing a scale mail (lightly wounded, chance to defeat MR: 96%)
The orc convulses in agony!
You kill the orc!
The centaur skeleton hits you.
You die...

#. #..## #...### ##.
##...#####..###. #..
####.......#...#...
##..##.................#
#...........>........##
..##...................##
.......%..............##
#......)Z.............##
##.....))@.............#
##....###..........#..##
#..### ##......)..##..##
#.. ..........##...# #o.
......#...##... .o
....##...#.... ..o
...###....... ..##
#....... #.......


You could see a centaur skeleton.

Vanquished Creatures
  An orc priest (D:4)
  An orc wizard (D:4)
  4 adders
  A worm (D:2)
  3 giant geckos
  3 orcs (D:4)
  A ball python (D:3)
  9 bats
  4 giant cockroaches
  4 goblins
  6 hobgoblins
  6 jackals (D:1)
  4 giant newts
  4 kobolds
  8 rats
59 creatures vanquished.

Vanquished Creatures (collateral kills)
  A giant cockroach (D:1)
  A jackal (D:1)
  A bat (D:1)
  A kobold (D:1)
4 creatures vanquished.

Grand Total: 63 creatures vanquished

Notes
Turn   | Place    | Note
--------------------------------------------------------------
     0 | D:1      | Nakatomy the Deep Elf Necromancer began the quest for the Orb.
     0 | D:1      | Reached XP level 1. HP: 10/10 MP: 6/6
    30 | D:1      | Reached skill level 5 in Necromancy
    36 | D:1      | Learned a level 1 spell: Animate Skeleton
   346 | D:1      | Reached XP level 2. HP: 13/15 MP: 5/8
  1280 | D:1      | Reached XP level 3. HP: 19/19 MP: 8/10
  1495 | D:2      | Learned a level 3 spell: Regeneration
  1792 | D:2      | Reached skill level 1 in Short Blades
  1912 | D:2      | Reached XP level 4. HP: 21/24 MP: 8/12
  1958 | D:2      | Learned a level 4 spell: Animate Dead
  2916 | D:3      | Reached skill level 6 in Necromancy
  3004 | D:3      | Noticed an ogre
  3582 | D:4      | Reached XP level 5. HP: 10/28 MP: 7/14
  3586 | D:4      | Slain by a centaur skeleton

Action                   |  1- 3 |  4- 6 || total
-------------------------+-------+-------++-------
Melee: Unarmed           |     1 |       ||     1
       Dagger            |    15 |     6 ||    21
 Cast: Pain              |    53 |    37 ||    90
       Animate Skeleton  |    11 |     1 ||    12
       Regeneration      |     1 |     1 ||     2
       Animate Dead      |       |     5 ||     5
  Eat: Chunk             |     3 |     4 ||     7
       Fruit             |       |     2 ||     2
